 Dungeon Crawl Stone Soup version 0.28.0-53-g5a82cb258f (webtiles) character file.

Game seed: 9413584696042175872

79 protoss039 the Digger (level 4, 33/33 HPs)
             Began as a Demonspawn Earth Elementalist on June 2, 2022.
             Got out of the dungeon alive.
             The game lasted 00:02:45 (2091 turns).

protoss039 the Digger (DsEE)                        Turns: 2091, Time: 00:02:46

Health: 33/33      AC:  8    Str:  8    XL:     4   Next: 16%
Magic:  7/7        EV: 11    Int: 19    God:
Gold:   115        SH:  0    Dex: 13    Spells: 1/7 levels left

rFire   . . .      SeeInvis .   f - +1 whip (venom)
rCold   . . .      Faith    .   (no shield)
rNeg    . . .      Spirit   .   g - +3 leather armour
rPois   .          Reflect  .   e - +0 helmet
rElec   .          Harm     .   h - +0 cloak
rCorr   .          Rampage  .   (no gloves)
Will    +....                   (no boots)
Stlth   ++........              (no amulet)
HPRegen 0.11/turn               d - ring of willpower
MPRegen 0.20/turn               (no ring)

@: no status effects
A: demonic guardian 1, magic regeneration
a: no special abilities


You escaped.
You visited 1 branch of the dungeon, and saw 2 of its levels.

You collected 115 gold pieces.

Inventory:

Hand Weapons
 f - a +1 whip of venom (weapon)
Missiles
 c - 31 stones
Armour
 e - a +0 helmet (worn)
 g - a +3 leather armour (worn)
 h - a +0 cloak (worn)
Jewellery
 d - a ring of willpower (left hand)
Scrolls
 b - a scroll of vulnerability {unknown}
 j - a scroll of holy word {unknown}
 k - a scroll of identify {unknown}
Potions
 a - a potion of curing
 i - a potion of cancellation {unknown}
 l - a potion of resistance {unknown}


   Skills:
 * Level 2.0 Fighting
 + Level 1.2 Armour
 - Level 1.7 Dodging
 - Level 1.7 Stealth
 + Level 2.4 Spellcasting
 * Level 1.0 Conjurations
 - Level 1.0 Transmutations
 + Level 3.0 Earth Magic


You had one spell level left.
You knew the following spells:

 Your Spells              Type           Power      Damage    Failure   Level
a - Sandblast             Erth           28%        2d8       6%          1
b - Passwall              Tmut/Erth      8%         N/A       16%         2
c - Stone Arrow           Conj/Erth      20%        3d8       30%         3

Your spell library contained the following spells:

 Spells                   Type           Power      Damage    Failure   Level
 Petrify                  Tmut/Erth      10%        N/A       69%         4
 Malign Gateway           Summ/Tloc      1%         N/A       100%        7
 Summon Horrible Things   Summ           1%         N/A       100%        8


Dungeon Overview and Level Annotations

Branches:
Dungeon (2/15)

Altars:


Innate Abilities, Weirdness & Mutations

A weak demonic guardian rushes to your aid.
You regenerate magic rapidly.


Message History

You barely miss Jessica. Jessica hits you with a +0 club.
Unknown command.
You closely miss Jessica. Jessica hits you but does no damage.
You closely miss Jessica. Jessica closely misses you.
Unknown command.
You hit Jessica.
Jessica is poisoned.
Jessica is moderately wounded.
Jessica drinks a potion.
Jessica is healed!
Jessica looks more healthy.
You hit Jessica.
Jessica is poisoned.
Jessica is heavily wounded.
Jessica gestures wildly while chanting.
Jessica seems to speed up.
You barely miss Jessica.
Jessica is heavily wounded.
Jessica misses you. Jessica hits you but does no damage.
You closely miss Jessica.
Jessica is severely wounded.
Jessica hits you but does no damage. Jessica hits you with a +0 club.
You closely miss Jessica.
Jessica is severely wounded.
Jessica hits you but does no damage.
You hit Jessica.
You kill Jessica!
Your Fighting skill increases to level 2!
Your Conjurations skill increases to level 1!
You have reached level 4!
You feel clever.
Your demonic ancestry asserts itself...
You feel the presence of a demonic guardian.
You now have 115 gold pieces (gained 12).
Things that are here:
a +0 club; a +0 robe; the human corpse of Jessica
There is an escape hatch in the ceiling here.
A mysterious force pulls you upwards. The hatch slams shut behind you.
You see here a +0 dagger.
HP restored.
There is an open door here.
You see here a +0 chain mail.
There is a staircase leading out of the dungeon here.
Are you sure you want to leave the Dungeon?
This will make you lose the game!
You have escaped!

#.#.###.##.....####.#.##.....
#.#.###.##.....# #.#.###.###
#.......######## #.......# #
###.##### #.....### # ####.###
#.....# #
#......#############.....# #
#.##...'...≈≈≈≈≈...'.....# #
#.##...##..#####..#####.####
#.###.##..♣♣P@P♣♣[.#.......#
#.###.###..♣♣.♣♣..##....##.###
#......#♣.........♣#.........#
#####.##♣.♣.≈≈≈.♣.♣#..#.##.#.#
#.##♣..≈≈8≈≈..♣#..#.##.#h#
#..#♣.♣.≈≈≈.♣.♣#.......#..
##.#♣.........♣####.######
#.##..♣♣.♣♣..##..........
#.#..♣♣P>P♣♣..#.####.##.#


There were no monsters in sight!

Vanquished Creatures
  Jessica (D:2)
  A worm (D:2)
  2 dart slugs
  3 endoplasms
  3 giant cockroaches (D:1)
  5 goblins (D:1)
  4 hobgoblins
  3 jackals (D:1)
  3 kobolds
  3 quokkas
  3 ball pythons (D:2)
  5 bats (D:1)
  2 frilled lizards (D:1)
  5 rats
43 creatures vanquished.

Vanquished Creatures (others)
  3 fungi (D:1)
  3 plants (D:1)
6 creatures vanquished.

Grand Total: 49 creatures vanquished

Notes
Turn   | Place    | Note
-------+----------+-------------------------------------------
     0 | D:1      | protoss039 the Demonspawn Earth Elementalist began the
                  | quest for the Orb.
     0 | D:1      | Reached XP level 1. HP: 13/13 MP: 3/3
    52 | D:1      | Reached skill level 1 in Transmutations
   454 | D:1      | Gained mutation: You regenerate magic rapidly. [demonic
                  | ancestry]
   454 | D:1      | Reached XP level 2. HP: 20/20 MP: 5/5
   487 | D:1      | Reached skill level 1 in Fighting
   899 | D:1      | Found a faded altar of an unknown god.
   992 | D:1      | Reached XP level 3. HP: 26/26 MP: 6/6
  1458 | D:1      | Learned a level 2 spell: Passwall
  1462 | D:1      | Learned a level 3 spell: Stone Arrow
  1594 | D:2      | Reached skill level 1 in Armour
  1616 | D:2      | Reached skill level 3 in Earth Magic
  2015 | D:2      | Noticed Jessica
  2029 | D:2      | Killed Jessica
  2030 | D:2      | Reached skill level 1 in Conjurations
  2030 | D:2      | Gained mutation: A weak demonic guardian rushes to your
                  | aid. [demonic ancestry]
  2030 | D:2      | Reached XP level 4. HP: 28/33 MP: 7/7
  2091 | D:$      | Got out of the dungeon alive.

Illustrated notes

Levels and vault maps discovered:
D:1:      tarquinn_simple_flora_water_b, layout_loops_cross,
          shapermc_ecumenical_altar_mp_urbaneastern
D:2:      layout_basic, serial_aquarium, aquarium_bridge_long_separate
          [aquarium_subvault_wall, aquarium_subvault_bridge,
          aquarium_subvault_window, aquarium_subvault_balcony,
          aquarium_subvault_wall, aquarium_subvault_bridge],
          aquarium_bridge_square [aquarium_subvault_wall,
          aquarium_subvault_window, aquarium_subvault_bridge,
          aquarium_subvault_wall], aquarium_window_1, aquarium_window_1,
          aquarium_window_fake, aquarium_view_2c, aquarium_pool_corner,
          uniq_natasha, uniq_jessica

Skill      XL: |  1  2  3 |
---------------+----------+-----
Transmutations | 1 |  1.0
Fighting       | 1 2 |  2.0
Armour         | 1 |  1.2
Earth Magic    | 3 |  3.0
Conjurations   | 1 |  1.0
Dodging        | |  1.7
Stealth        | |  1.7
Spellcasting   | |  2.4

Action                   |  1- 3 |  4- 6 || total
-------------------------+-------+-------++-------
Melee: Whip              |   114 |       ||   114
       Dagger            |    10 |       ||    10
       Punch             |     1 |       ||     1
 Cast: Sandblast         |     7 |       ||     7
 Stab: Sleeping          |     2 |       ||     2
Armor: Robe              |    27 |       ||    27
       Leather armour    |    22 |       ||    22
Dodge: Dodged            |    96 |       ||    96
